 Dungeon Crawl Stone Soup version 0.20-a0-830-g2c9a30d (webtiles) character file.

63 tarabluh the Insei (level 3, 0/27 HPs)
             Began as a Demigod Transmuter on Mar 6, 2017.
             Succumbed to an adder's poison
             ... on level 3 of the Dungeon.
             The game lasted 00:04:08 (1738 turns).

tarabluh the Insei (Demigod Transmuter)             Turns: 1738, Time: 00:04:09

Health: 0/27       AC:  2    Str: 13    XL:     3   Next: 61%
Magic:  7/8        EV: 12    Int: 19    God:
Gold:   92         SH:  0    Dex: 16    Spells: 4/5 levels left

rFire    . . .     SeeInvis .     - Unarmed
rCold    . . .     Gourm    .   b - +0 robe
rNeg     . . .     Faith    .   (no shield)
rPois    .         Spirit   .   (no helmet)
rElec    .         Reflect  .   (no cloak)
rCorr    .         Harm     .   (no gloves)
MR       .....                  (boots currently unavailable)
Stlth    +.........             (no amulet)
Regen    0.1/turn               (no ring)
MPRegen  0.2/turn               (no ring)

@: lethally poisoned (0 -> -9), appendage (expiring)
A: talons 3, high mp 1
a: End Transformation


You were on level 3 of the Dungeon.
You were not hungry.
You had grown temporary talons.
You visited 1 branch of the dungeon, and saw 3 of its levels.

You collected 92 gold pieces.

Inventory:

Missiles
 a - 21 arrows
 g - 21 stones (quivered)
Armour
 b - a +0 robe (worn)
Scrolls
 e - a scroll of fog {unknown}
 h - 2 scrolls of recharging {unknown}
 i - 4 scrolls of identify {unknown}
 j - 2 scrolls of remove curse {unknown}
 k - a scroll of noise {unknown}
 l - 2 scrolls of amnesia {unknown}
 q - a scroll of teleportation {unknown}
Books
 c - a book of Changes

   Spells                             Type                      Level
   a - Beastly Appendage              Transmutation                1
   b - Sticks to Snakes               Transmutation                2
   c - Spider Form                    Transmutation/Poison         3
   d - Ice Form                       Ice/Transmutation            4
   e - Blade Hands                    Transmutation                5
Comestibles
 d - 2 bread rations
 f - a fruit
 n - a meat ration


   Skills:
 - Level 0.8 Fighting
 - Level 1.7 Dodging
 * Level 4.3 Unarmed Combat
 - Level 1.7 Spellcasting
 - Level 1.7 Transmutations


You had 4 spell levels left.
You knew the following spells:

 Your Spells              Type           Power        Failure   Level  Hunger
a - Beastly Appendage     Tmut           #.....       10%         1    #......


Dungeon Overview and Level Annotations

Branches:
Dungeon (3/15)


Innate Abilities, Weirdness & Mutations

You have an increased reservoir of magic. (+10% MP)
You have claws for feet.


Message History

You feel sick. The adder bites you.
* * * LOW HITPOINT WARNING * * *
You are more poisoned.
The adder poisons you!
Unknown command.
You barely miss the adder.
The adder is almost dead.
* * * LOW HITPOINT WARNING * * *
You feel sick. The adder closely misses you.
You barely miss the adder. You claw the adder.
The adder is almost dead.
The adder bites you.
* * * LOW HITPOINT WARNING * * *
You hit the adder but do no damage.
The adder is almost dead.
* * * LOW HITPOINT WARNING * * *
You feel sick. The adder barely misses you.
You barely miss the adder.
The adder is almost dead.
You die...

#..#.# #..#.#
#..#.# .
#..#.#
...###..#.#
..........#
#.###.<###
#..######..#
#..S@......#
##.######.##
#........#
#......#.#
...........
....#.....###
......#(....#
#.........###
#....[#####


You could see an adder.

Vanquished Creatures
  2 adders
  2 worms (D:2)
  A dart slug (D:2)
  A leopard gecko (D:2)
  A bat (D:2)
  3 giant cockroaches (D:1)
  2 goblins
  9 hobgoblins
  5 kobolds
  2 quokkas (D:2)
  A ball python (D:2)
  4 rats (D:1)
33 creatures vanquished.

Notes
Turn   | Place    | Note
-------+----------+-------------------------------------------
     0 | D:1      | tarabluh the Demigod Transmuter began the quest for the Orb.
     0 | D:1      | Reached XP level 1. HP: 15/15 MP: 5/5
    39 | D:1      | Reached skill level 3 in Unarmed Combat
   354 | D:1      | Reached XP level 2. HP: 17/22 MP: 5/7
   811 | D:2      | Reached XP level 3. HP: 15/27 MP: 6/8
  1190 | D:2      | Reached skill level 4 in Unarmed Combat
  1385 | D:2      | Found an iron altar of Okawaru.
  1737 | D:3      | HP: 1/27 [poisoned by an adder]
  1738 | D:3      | Succumbed to an adder's poison

Vault maps used:
D:1:      dpeg_arrival_arbitrary_c, serial_glass, glass_columns_a,
          glass_columns_b
D:2:      overflow_temple_1_default, first_bread
D:3:      lemuel_round_altar, uniq_grinder, uniq_jessica, uniq_sigmund

Skill      XL: |  1  2  3 |
---------------+----------+-----
Unarmed Combat | 3 4 |  4.3
Fighting       | |  0.8
Dodging        | |  1.7
Spellcasting   | |  1.7
Transmutations | |  1.7

Action                   || total
-------------------------++-------
Melee: Unarmed           ||   132
       Headbutt          ||     5
       Kick              ||     6
       Punch             ||     1
 Cast: Beastly Appendage ||    17
  Use: Potion            ||     2
 Stab: Sleeping          ||     1
  Eat: Chunk             ||     3
Armor: Robe              ||    19
Dodge: Dodged            ||    78
